 Dungeon Crawl Stone Soup version 0.30-a0-1160-g6e42c06551 (webtiles) character file.

Game seed: 14413603181396993052

1405 Jase the Cleaver (level 8, -5/71 HPs)
             Began as a Hill Orc Fighter on Apr 27, 2023.
             Was a Follower of Yredelemnul.
             Killed by divine providence
             ... invoked by an orc priest
              (17 damage)
             ... on level 6 of the Dungeon.
             The game lasted 00:09:23 (3895 turns).

Jase the Cleaver (Hill Orc Fighter)                 Turns: 3895, Time: 00:09:24

Health: -5/71      AC: 11    Str: 21    XL:     8   Next: 70%
Magic:  11/11      EV:  8    Int:  8    God:    Yredelemnul [*.....]
Gold:   230        SH:  0    Dex: 10    Spells: 7/7 levels left

rFire   + . .        a - +0 war axe
rCold   + . .        f - orb {light}
rNeg    . . .        m - +0 chain mail
rPois   .            n - +0 helmet
rElec   .            e - scarf {rC+ rF+}
rCorr   .            (no gloves)
SInv    +            (no boots)
Will    .....        v - amulet of magic regeneration Stlth
                     b - ring of see invisible
HPRegen 0.31/turn    p - +4 ring of slaying
MPRegen 0.52/turn

%: no passive effects
@: mighty, glowing
A: no striking features
a: Renounce Religion, Convert to Beogh, Recall Undead Harvest


You were on level 6 of the Dungeon.
You worshipped Yredelemnul.
Yredelemnul was noncommittal.
You visited 1 branch of the dungeon, and saw 6 of its levels.

You collected 230 gold pieces.

Inventory:

Hand Weapons
 a - a +0 war axe (weapon)
Missiles
 g - 4 poisoned darts (quivered)
 k - 32 stones
Armour
 e - a scarf of resistance (worn)
 f - an orb of light (worn)
 m - a +0 chain mail (worn)
 n - a +0 helmet (worn)
Jewellery
 b - a ring of see invisible (left hand)
 p - a +4 ring of slaying (right hand)
 v - an amulet of magic regeneration (around neck)
Wands
 A - a wand of flame (19)
 B - a wand of charming (9)
Scrolls
 c - a scroll of poison {unknown}
 h - 3 scrolls of teleportation
 i - a scroll of enchant armour {unknown}
 t - 2 scrolls of magic mapping
 u - a scroll of noise {unknown}
 w - a scroll of amnesia {unknown}
 y - a scroll of fear {unknown}
Potions
 d - 2 potions of might
 j - 2 potions of flight
 l - 2 potions of berserk rage
 o - 2 potions of curing
 q - a potion of brilliance
 r - a potion of invisibility
 s - a potion of lignification
 x - a potion of heal wounds
 z - 2 potions of attraction {unknown}
 C - a potion of mutation {unknown}


   Skills:
 + Level 6.7 Fighting
 * Level 9.2 Axes
 + Level 6.1 Armour
 - Level 3.2 Shields
 + Level 5.3 Invocations


You had 7 spell levels left.
You didn't know any spells.
Your spell library contained the following spells:

 Spells                   Type           Power      Damage    Failure   Level
 Necrotise                Necr           0%         1d4       95%         1
 Sandblast                Erth           0%         2d4       95%         1
 Passwall                 Tmut/Erth      0%         N/A       99%         2
 Frozen Ramparts          Ice            0%         1d1       100%        3
 Stone Arrow              Conj/Erth      0%         3d7       100%        3
 Vampiric Draining        Necr           0%         2d6       100%        3
 Ice Form                 Ice/Tmut       0%         N/A       100%        4
 Summon Ice Beast         Ice/Summ       0%         N/A       100%        4
 Agony                    Necr           0%         N/A       100%        5


Dungeon Overview and Level Annotations

Branches:
Dungeon (6/15)             Temple (0/1) D:6

Altars:
Cheibriados
Dithmenos
Gozag
Trog
Vehumet
Xom
Yredelemnul


Message History

Beogh smites you!
* * * LOW HITPOINT WARNING * * *
The orc wizard hits your water moccasin zombie with a +0 dagger.
You hit the orc priest.
The orc priest is heavily wounded.
You hit the orc wizard.
You kill the orc wizard!
The dead are walking!
The orc priest looks encouraged for a moment.
Unknown command.
You barely miss the orc priest.
The orc priest is heavily wounded.
A wight comes into view. It is wielding a +3 scimitar.
Unknown command.
You slash the orc priest!
You kill the orc priest!
Your orc wizard zombie barely misses the orc priest.
The orc priest begins to cast a cantrip, but forgets the words!
A wight comes into view. It is wielding a +3 flail of freezing.
Unknown command.
You barely miss the orc wizard.
Your water moccasin zombie bites the orc priest.
The orc priest hits your water moccasin zombie with a +0 club.
The orc wizard barely misses you.
Your orc wizard zombie hits the orc priest but does no damage.
Unknown command.
You slash the orc wizard!
The orc wizard is heavily wounded.
Your water moccasin zombie bites the orc priest but does no damage.
The orc priest hits your water moccasin zombie with a +0 club.
The orc wizard hits you with a +0 dagger.
* * * LOW HITPOINT WARNING * * *
Your orc wizard zombie completely misses the orc priest.
Your water moccasin zombie misses the orc priest.
You slash the orc wizard!
You kill the orc wizard!
The orc priest calls down the wrath of Beogh upon you.
Beogh smites you!
You die...
Your body rises from the dead as a mindless zombie.

#....#..#...........
##......#....###.
.....#.......#
###.#.##.###.##
#...#......).#
#.....##.#.####
#.♣.♣.#.......#
#..>))........#
##.♣.♣@#.......#
#..ZZZ)#.......#
#.#o##)........# ..
###)......# #z
#......... ..
##.#####... # #.#
... .. .##


You could see a wight, an orc priest (ally target), a friendly adder zombie, a
friendly water moccasin zombie and a friendly orc wizard zombie.

Vanquished Creatures
  A wyvern (D:4)
  Menkaure (D:5)
  Edmund (D:5)
  3 water moccasins
  An orc warrior (D:6)
  Blork the orc (D:5)
  A wight (D:6)
  A hound (D:5)
  2 orc priests (D:6)
  A sleepcap (D:4)
  4 orc wizards
  4 gnolls (D:4)
  8 adders
  3 worms
  7 dart slugs
  8 orcs
  3 ball pythons
  4 bats
  6 endoplasms
  2 giant cockroaches (D:2)
  8 goblins
  4 hobgoblins
  A jackal (D:4)
  3 kobolds
  4 quokkas
  3 frilled lizards (D:2)
  4 rats
89 creatures vanquished.

Vanquished Creatures (collateral kills)
  The ghost of oldplebian the Cudgeller, an amateur HuCA of Ignis (D:3)
  A jelly (D:5)
  2 orcs
4 creatures vanquished.

Vanquished Creatures (others)
  3 orc zombies
  12 plants (D:3)
15 creatures vanquished.

Grand Total: 108 creatures vanquished

Notes
Turn   | Place    | Note
-------+----------+-------------------------------------------
     0 | D:1      | Jase the Hill Orc Fighter began the quest for the Orb.
     0 | D:1      | Reached XP level 1. HP: 19/19 MP: 1/1
   209 | D:1      | Reached skill level 3 in Axes
   213 | D:1      | Reached XP level 2. HP: 19/27 MP: 2/2
   652 | D:1      | Reached XP level 3. HP: 33/33 MP: 3/3
   897 | D:2      | Reached skill level 4 in Axes
  1049 | D:2      | Reached XP level 4. HP: 40/40 MP: 4/4
  1177 | D:2      | Found a basalt altar of Yredelemnul.
  1197 | D:2      | Became a worshipper of Yredelemnul the Dark
  1411 | D:3      | Found a runed translucent door.
  1411 | D:3      | Noticed oldplebian's ghost (amateur HuCA)
  1473 | D:3      | Identified the +1 leather armour "Zeymucw" {Harm}
  1538 | D:3      | Reached * piety under Yredelemnul
  1890 | D:3      | Killed oldplebian's ghost
  1891 | D:3      | Reached skill level 5 in Axes
  1891 | D:3      | Reached skill level 1 in Invocations
  1891 | D:3      | Reached XP level 5. HP: 35/47 MP: 4/6
  2110 | D:4      | Noticed a wyvern
  2111 | D:4      | Reached XP level 6. HP: 49/55 MP: 7/7
  2118 | D:4      | Killed a wyvern
  2119 | D:4      | Reached skill level 5 in Fighting
  2119 | D:4      | Reached skill level 6 in Axes
  2505 | D:4      | Noticed a water moccasin
  2560 | D:4      | Killed a water moccasin
  2561 | D:4      | Reached skill level 5 in Armour
  2561 | D:4      | Reached XP level 7. HP: 26/61 MP: 9/9
  2869 | D:5      | Entered Level 5 of the Dungeon
  2948 | D:5      | Noticed Menkaure
  2953 | D:5      | Killed Menkaure
  2954 | D:5      | Reached skill level 7 in Axes
  2986 | D:5      | Noticed Blork the orc
  3000 | D:5      | Killed Blork the orc
  3001 | D:5      | Reached XP level 8. HP: 36/70 MP: 11/11
  3320 | D:5      | Found a shadowy altar of Dithmenos.
  3320 | D:5      | Found an opulent altar of Gozag.
  3328 | D:5      | Found a faded altar of an unknown god.
  3330 | D:5      | Found a shimmering altar of Xom.
  3332 | D:5      | Found a bloodstained altar of Trog.
  3432 | D:5      | Reached skill level 8 in Axes
  3485 | D:5      | Found a radiant altar of Vehumet.
  3581 | D:5      | Found a snail-covered altar of Cheibriados.
  3621 | D:5      | Noticed Edmund
  3635 | D:5      | Killed Edmund
  3867 | D:6      | Found a staircase to the Ecumenical Temple.
  3881 | D:6      | Reached skill level 5 in Invocations
  3889 | D:6      | Reached skill level 9 in Axes
  3895 | D:6      | Killed from afar by an orc priest

Illustrated notes

Levels and vault maps discovered:
D:1:      dpeg_arrival_line_fractal, layout_basic
D:2:      layout_rooms, basic_altar
D:3:      layout_basic, gammafunk_ghost_grave, kennysheep_boxes
D:4:      minmay_clustersquares, layout_basic
D:5:      layout_loops_ring, kennysheep_slug_shrine, vehumet_altar_wand_db,
          chequers_temple_overflow_minitemple, uniq_blork_the_orc, uniq_edmund,
          uniq_menkaure
D:6:      layout_loops_cross, nicolae_tso_swordbearing_angel,
          minmay_temple_entry_trees, minmay_puff, uniq_crazy_yiuf_cottage

Skill      XL: |  1  2  3  4  5  6  7  8 |
---------------+-------------------------+-----
Axes           | 3 4 5 6 7 9 |  9.2
Fighting       | 4 5 6 |  6.7
Armour         | 4 5 6 |  6.1
Invocations    | 1 3 4 5 |  5.3
Shields        | |  3.2

Action                     |  1- 3 |  4- 6 |  7- 9 || total
---------------------------+-------+-------+-------++-------
  Melee: War axe           |    50 |    87 |    77 ||   214
 Invoke: Recall Undead Har |       |     2 |     1 ||     3
    Use: Potion            |       |     2 |     1 ||     3
         Scroll            |       |     1 |     6 ||     7
   Stab: Distracted        |       |     1 |       ||     1
 Armour: Scale mail        |    19 |       |       ||    19
         Chain mail        |     3 |    45 |    26 ||    74
  Dodge: Dodged            |    24 |    30 |    35 ||    89

Table legend: (Time is in decaauts)
 A = Elapsed time spent in this place.
 B = Non-inter-level travel time spent in this place.
 C = Inter-level travel time spent in this place.
 D = Time resting spent in this place.
 E = Time spent auto-exploring this place.
 F = Levels seen in this place.
 G = Mean time per level.
                   A        B        C        D        E       F      G
               +--------+--------+--------+--------+--------+-----+--------+
         Total |   3942 |   3761 |    181 |    409 |   2607 |   6 |  657.0 |
       Dungeon |   3942 |   3761 |    181 |    409 |   2607 |   6 |  657.0 |
               +--------+--------+--------+--------+--------+-----+--------+

Top non-repeatable levels by time:
     D:5: 904 daAuts
     D:1: 899 daAuts
     D:4: 884 daAuts
     D:3: 640 daAuts
     D:2: 481 daAuts
     D:6: 133 daAuts
